 Dungeon Crawl Stone Soup version 0.22.1-1-ga44c0e56f4 (webtiles) character file.

602329 Morrissey the Conqueror (level 26, -80/266 HPs)
             Began as a Minotaur Fighter on Oct 29, 2018.
             Was the Champion of Okawaru.
             Killed from afar by an orb of fire (91 damage)
             ... with a bolt of fire
             ... on level 5 of the Realm of Zot on Oct 31, 2018.
             The game lasted 02:33:53 (65152 turns).

Morrissey the Conqueror (Minotaur Fighter)         Turns: 65152, Time: 02:33:53

Health: -80/266    AC: 50    Str: 26    XL:     26   Next: 52%
Magic:  27/31      EV: 19    Int: 11    God:    Okawaru [******]
Gold:   4720       SH: 37    Dex: 20    Spells: 25/25 levels left

rFire    . . .     SeeInvis +   b - +9 broad axe (chop)
rCold    + . .     Gourm    .   u - +10 large shield of Ignorance {rN+ Int-4}
rNeg     + + .     Faith    .   x - +8 orange crystal plate armour {Archmagi, Int+3 Clar}
rPois    +         Spirit   .   c - +2 hat of Sloth {rC+ Int+7}
rElec    .         Reflect  .   o - +0 cloak {MR+}
rCorr    .         Harm     .   R - +2 pair of gloves {Str+3}
MR       ++...     Clarity  +   P - +1 pair of boots {run}
Stlth    ..........             B - amulet of the acrobat
HPRegen  0.54/turn              l - ring of positive energy
MPRegen  0.22/turn              y - ring of see invisible

@: finesse, quick
A: retaliatory headbutt, hooves 2, horns 2, poison resistance, wild magic 1
}: 3/15 runes: serpentine, barnacled, silver
a: Heroism, Finesse, Renounce Religion


You were on level 5 of the Realm of Zot.
You worshipped Okawaru.
Okawaru was exalted by your worship.
You were very full.

You visited 9 branches of the dungeon, and saw 47 of its levels.
You also visited: Labyrinth and Trove.

You collected 6095 gold pieces.
You spent 1375 gold pieces at shops.

Inventory:

Hand Weapons
 a - the +8 broad axe of Ecom {drain, *Noise rElec Int+5 Dex+2}
   (Okawaru gifted it to you on level 6 of the Lair of Beasts)

   A truly terrible weapon, it drains the life of those it strikes.
   It affects your intelligence (+5).
   It affects your dexterity (+2).
   It insulates you from electricity.
   It may make noises in combat.
 b - a +9 broad axe of chopping (weapon)
 T - the +7 war axe of the Lair of Beasts {venom, rF+++ rC- Str+2 Dex+3}
   (You found it on level 4 of the Dungeon)

   It poisons the flesh of those it strikes.
   It affects your strength (+2).
   It affects your dexterity (+3).
   It renders you almost immune to fire.
   It makes you vulnerable to cold.
 W - a +4 trishula of holy wrath
Armour
 c - the +2 hat of Sloth (worn) {rC+ Int+7}
   (Okawaru gifted it to you on level 2 of the Vaults)

   It affects your intelligence (+7).
   It protects you from cold.
 g - +4 gold dragon scales
 i - a +2 pair of boots of flying
 o - a +0 cloak of magic resistance (worn)
 u - the +10 large shield of Ignorance (worn) {rN+ Int-4}
   (You bought it in a shop on level 5 of the Depths)

   It affects your intelligence (-4).
   It protects you from negative energy.
 x - the +8 orange crystal plate armour (worn) {Archmagi, Int+3 Clar}
   (Okawaru gifted it to you on level 5 of the Vaults)

   It affects your intelligence (+3).
   It protects you against confusion.
 P - a +1 pair of boots of running (worn)
 R - a +2 pair of gloves of strength (worn)
 S - the +7 large shield "Uruma Mipp" {rElec rPois Int+2 Dex-5}
   (Okawaru gifted it to you on level 5 of the Realm of Zot)

   It affects your intelligence (+2).
   It affects your dexterity (-5).
   It insulates you from electricity.
   It protects you from poison.
Jewellery
 l - a ring of positive energy (left hand)
 y - a ring of see invisible (right hand)
 B - an amulet of the acrobat (around neck)
 N - an uncursed ring of protection from cold
 V - an uncursed ring of protection from fire
Wands
 d - a wand of acid (44)
 n - a wand of flame (75)
 r - a wand of paralysis (48)
 s - a wand of scattershot (9)
 D - a wand of digging (27)
 E - a wand of iceblast (39)
 F - a wand of disintegration (29)
 H - a wand of clouds (9)
 L - a wand of random effects (45)
 Q - a wand of enslavement (41)
Scrolls
 e - 20 scrolls of identify
 h - 5 scrolls of blinking
 j - 22 scrolls of teleportation
 k - 27 scrolls of remove curse
 t - 12 scrolls of fog
 w - 2 scrolls of brand weapon
 A - 9 scrolls of fear
 C - 3 scrolls of silence
 J - 5 scrolls of magic mapping
 M - 2 scrolls of summoning
 O - 3 scrolls of holy word
Potions
 p - 6 potions of flight
 q - 7 potions of brilliance
 v - 11 potions of curing
 z - a potion of haste
 G - a potion of invisibility
 K - 5 potions of ambrosia
 U - a potion of might
 X - a potion of resistance
 Y - 6 potions of agility
 Z - 2 potions of magic
Comestibles
 f - 70 rations
 I - 7 chunks of flesh


   Skills:
 O Level 27 Fighting
   Level 5.2 Long Blades
 - Level 18.0(18.4) Axes
 - Level 7.7(14.0) Polearms
 O Level 27 Armour
 + Level 19.4 Dodging
 - Level 25.0 Shields
 - Level 13.1 Invocations


You had 25 spell levels left.
You didn't know any spells.
Your spell library contained the following spells:

 Spells                   Type           Power        Failure   Level  Hunger
 Animate Skeleton         Necr           N/A          96%         1    ##.....
 Apportation              Tloc           #.....       96%         1    ##.....
 Confusing Touch          Hex            #.....       96%         1    ##.....
 Corona                   Hex            #......      96%         1    ##.....
 Flame Tongue             Conj/Fire      #....        96%         1    ##.....
 Freeze                   Ice            #...         96%         1    ##.....
 Infusion                 Chrm           #...         96%         1    ##.....
 Magic Dart               Conj           #...         96%         1    ##.....
 Pain                     Necr           #...         96%         1    ##.....
 Sandblast                Erth           #.....       96%         1    ##.....
 Sting                    Conj/Pois      #...         96%         1    ##.....
 Summon Butterflies       Summ           #.......     96%         1    ##.....
 Summon Small Mammal      Summ           #...         96%         1    ##.....
 Blink                    Tloc           N/A          99%         2    ###....
 Call Imp                 Summ           #.......     99%         2    ###....
 Ensorcelled Hibernation  Hex/Ice        #.....       99%         2    ###....
 Passwall                 Tmut/Erth      #.......     99%         2    ###....
 Poisonous Vapours        Pois/Air       #.....       99%         2    ###....
 Searing Ray              Conj           #.....       99%         2    ###....
 Shroud of Golubria       Chrm/Tloc      #.........   99%         2    ###....
 Slow                     Hex            #.......     99%         2    ###....
 Song of Slaying          Chrm           #.......     99%         2    ###....
 Throw Flame              Conj/Fire      #.....       99%         2    ###....
 Throw Frost              Conj/Ice       #.....       99%         2    ###....
 Call Canine Familiar     Summ           #.......     100%        3    ####...
 Confuse                  Hex            #.......     100%        3    ####...
 Conjure Flame            Conj/Fire      #.......     100%        3    ####...
 Dazzling Spray           Conj/Hex       #.....       100%        3    ####...
 Gell's Gravitas          Tloc           #.........   100%        3    ####...
 Ignite Poison            Fire/Tmut/Pois #.......     100%        3    ####...
 Inner Flame              Hex/Fire       #.......     100%        3    ####...
 Lesser Beckoning         Tloc           #.........   100%        3    ####...
 Mephitic Cloud           Conj/Pois/Air  #.......     100%        3    ####...
 Recall                   Summ/Tloc      N/A          100%        3    ####...
 Regeneration             Chrm/Necr      #.........   100%        3    ####...
 Spectral Weapon          Hex/Chrm       #.......     100%        3    ####...
 Static Discharge         Conj/Air       #.......     100%        3    ####...
 Stone Arrow              Conj/Erth      #.....       100%        3    ####...
 Summon Guardian Golem    Hex/Summ       #.......     100%        3    ####...
 Tukima's Dance           Hex            #.......     100%        3    ####...
 Vampiric Draining        Necr           #.........   100%        3    ####...
 Animate Dead             Necr           N/A          100%        4    #####..
 Force Lance              Conj/Tloc      #.......     100%        4    #####..
 Fulminant Prism          Conj/Hex       #.........   100%        4    #####..
 Ice Form                 Ice/Tmut       #.......     100%        4    #####..
 Iskenderun's Mystic Bla  Conj           #.......     100%        4    #####..
 Olgreb's Toxic Radiance  Pois           #.......     100%        4    #####..
 Petrify                  Tmut/Erth      #.......     100%        4    #####..
 Sticky Flame             Conj/Fire      #.......     100%        4    #####..
 Summon Ice Beast         Ice/Summ       #.......     100%        4    #####..
 Summon Lightning Spire   Summ/Air       #.......     100%        4    #####..
 Alistair's Intoxication  Tmut/Pois      #.......     100%        5    ######.
 Aura of Abjuration       Summ           #.........   100%        5    ######.
 Bolt of Magma            Conj/Fire/Erth #.........   100%        5    ######.
 Borgnjor's Vile Clutch   Necr/Erth      #.........   100%        5    ######.
 Fireball                 Conj/Fire      #.........   100%        5    ######.
 Irradiate                Conj/Tmut      #.........   100%        5    ######.
 Iskenderun's Battlesphe  Conj/Chrm      #.......     100%        5    ######.
 Lee's Rapid Deconstruct  Erth           #.........   100%        5    ######.
 Metabolic Englaciation   Hex/Ice        #.........   100%        5    ######.
 Silence                  Hex/Air        #.........   100%        5    ######.
 Summon Demon             Summ           #.........   100%        5    ######.
 Summon Forest            Summ/Tloc      #.........   100%        5    ######.
 Summon Mana Viper        Hex/Summ       #.......     100%        5    ######.
 Venom Bolt               Conj/Pois      #.........   100%        5    ######.
 Yara's Violent Unravell  Hex/Tmut       #.........   100%        5    ######.
 Bolt of Cold             Conj/Ice       #.........   100%        6    #######
 Bolt of Fire             Conj/Fire      #.........   100%        6    #######
 Darkness                 Hex            #.........   100%        6    #######
 Freezing Cloud           Conj/Ice/Air   #.........   100%        6    #######
 Hydra Form               Tmut           #.........   100%        6    #######
 Invisibility             Hex            #.......     100%        6    #######
 Iron Shot                Conj/Erth      #.........   100%        6    #######
 Ozocubu's Refrigeration  Ice            #.........   100%        6    #######
 Shadow Creatures         Summ           N/A          100%        6    #######
 Simulacrum               Ice/Necr       #.........   100%        6    #######
 Statue Form              Tmut/Erth      #........    100%        6    #######
 Dragon Form              Tmut           #.........   100%        7    #######
 Orb of Destruction       Conj           #.........   100%        7    #######
 Ring of Flames           Chrm/Fire      #.........   100%        7    #######
 Spellforged Servitor     Conj/Summ      #.........   100%        7    #######
 Summon Hydra             Summ           #.........   100%        7    #######
 Ignition                 Fire           #.........   100%        8    #######


Dungeon Overview and Level Annotations

Branches:
Dungeon (15/15)            Temple (1/1) D:5            Lair (6/6) D:10
 Shoals (4/4) Lair:3        Snake (4/4) Lair:4        Slime (0/5) Lair:5
    Orc (2/2) D:11            Elf (0/3) Orc:2        Vaults (5/5) D:13
  Crypt (0/3) Vaults:3     Depths (5/5) D:15            Zot (5/5) Depths:5

Altars:
Ashenzari
Cheibriados
Dithmenos
Elyvilon
Fedhas
Gozag
Hepliaklqana
Kikubaaqudgha
Makhleb
Nemelex Xobeh
Okawaru
Qazlal
Ru
Sif Muna
Trog
Uskayaw
Vehumet
Wu Jian
Xom
Yredelemnul
Zin
The Shining One
Beogh

Shops:
D:12 *   D:15 [   Orc:1 }   Orc:2 :*!}=   Vaults:4 =   Depths:5 [=%

Portals:
Hell: Depths:1 Depths:2 Depths:3 Depths:4 Depths:5
Abyss: Depths:1 Depths:2 Depths:4
Pandemonium: Depths:1 Depths:3 Depths:4
Ziggurat: Depths:4

Annotations:
D:10 exclusion: downstairs
D:11 2 runed doors, Dickchan's ghost, journeyman MiFi
D:13 3 runed doors, Morbidden's ghost, journeyman DrMo
Lair:1 3 runed doors, Qolokyfu's ghost, journeyman TrEE
Lair:3 2 runed doors, topfpfpflanze's ghost, journeyman OpEE
Lair:5 exclusion: downstairs
Shoals:1 exclusion: Roxanne, Roxanne
Vaults:1 3 runed doors, Fuosmaf's ghost, adept MfGl
Depths:5 exclusion: obsidian statue


Innate Abilities, Weirdness & Mutations

You reflexively headbutt those who attack you in melee.
You have a pair of horns on your head.
You have hoof-like feet.
Your system is resistant to poisons. (rPois)
Your spells are a little harder to cast, but a little more powerful.


Message History

The storm dragon claws you but does no damage.
You block the storm dragon's attack.
You slash the orb of fire! Your headbutt misses the orb of fire.
The orb of fire is severely damaged.
You slash the storm dragon! You miss the orb of fire.
The orb of fire emits a lurid red light.
The bolt of fire misses you. You block the green draconian's attack.
Unknown command.
You barely miss the orb of fire. Your headbutt misses the orb of fire.
The orb of fire is severely damaged.
You slice the storm dragon!! You slash the orb of fire!
You hit the orb of fire but do no damage.
Your headbutt misses the orb of fire.
The orb of fire is severely damaged.
You hit the storm dragon. You hit the orb of fire.
You block the storm dragon's attack. The storm dragon barely misses you.
You block the storm dragon's attack.
The orb of fire glows deep purple.
The bolt of fire hits you!
You die...

#.............#
##...........##
#...........#
...:...
#...........##
.......
#.............#
.......
#.............##
.......
...............##
.......
.###########...###
.......
##..@*##.......
###*Dd........
#▓▓▓▓▓#▓▓▓▓▓


You could see 2 orbs of fire, a storm dragon and a green draconian.

Vanquished Creatures
  An orb of fire (Zot:1)
  Mennas (Depths:4)
  A juggernaut (Depths:2)
  5 ancient liches (Zot:5)
  Xtahua (Depths:3)
  2 Killer Klowns (Zot:5)
  15 golden dragons
  the Enchantress (Depths:3)
  A bone dragon (D:13)
  Nikola (Shoals:2)
  3 electric golems
  Asterion (Depths:3)
  20 tentacled monstrosities
  11 Orb Guardians (Zot:5)
  8 quicksilver dragons
  2 liches
  4 titans
  Gastronok (Lair:1)
  4 sphinxes
  Polyphemus (Shoals:2)
  13 death cobs
  2 krakens
  Agnes (D:14)
  6 tengu reavers
  12 shadow dragons
  9 nagarajas
  4 draconian monks
  13 storm dragons
  15 fire giants
  2 deep elf sorcerers (Vaults:5)
  Louise (Snake:3)
  5 iron dragons
  26 vault wardens
  7 frost giants
  A ghost moth (shapeshifter) (Vaults:2)
  3 ghost moths
  3 draconian shifters
  4 draconian annihilators
  2 juggernaut zombies (Depths:4)
  A draconian knight (Zot:3)
  24 very ugly things
  6 spriggan defenders
  6 draconian stormcallers
  A juggernaut skeleton (Depths:4)
  11 ironheart preservers
  19 stone giants
  2 entropy weavers
  6 green draconians
  A deep elf demonologist (Vaults:5)
  11 black draconians
  5 vampire knights
  A minotaur (Lab)
  6 white draconians
  11 spark wasps
  Azrael (D:14)
  A deep elf annihilator (Depths:3)
  11 purple draconians
  9 red draconians
  8 yellow draconians
  9 ettins
  9 merfolk impalers
  2 jiangshi (Depths:3)
  Snorg (D:14)
  2 deep elf death magi
  21 yaktaur captains
  Josephine (Shoals:1)
  4 merfolk javelineers
  A quicksilver dragon zombie (Depths:4)
  A deep elf high priest (Vaults:5)
  20 fire dragons
  16 ogre magi
  3 rakshasas
  Fannar (Lair:3)
  31 vault guards
  5 great orbs of eyes
  10 ice dragons
  A hell beast (Depths:4)
  3 hydras
  Harold (Lair:1)
  8 naga warriors
  An alligator snapping turtle (Shoals:4)
  4 anacondas
  9 centaur warriors
  3 merfolk avatars
  6 spriggan air magi
  2 satyrs (Shoals:2)
  6 merfolk aquamancers
  A dancing weapon (Vaults:5)
  7 catoblepae
  42 two-headed ogres
  12 death yaks
  8 deep troll earth magi
  3 vampire magi
  A small abomination (Vaults:5)
  9 tengu warriors
  13 deep troll shamans
  4 orc high priests
  A soul eater (Depths:4)
  11 naga sharpshooters
  6 spriggan berserkers
  A queen ant (shapeshifter) (Depths:4)
  3 shock serpents
  Sonja (D:10)
  6 deep elf knights
  Nergalle (D:10)
  A hell knight (Depths:2)
  A shadow wraith (Vaults:3)
  9 skeletal warriors
  8 sea snakes
  5 iron trolls
  3 large abominations (Vaults:5)
  A salamander mystic (Snake:3)
  24 deep trolls
  A deep troll (shapeshifter) (Vaults:5)
  4 flayed ghosts
  7 glowing orange brains
  An unseen horror (shapeshifter) (Vaults:3)
  A death drake (shapeshifter) (Vaults:5)
  3 unseen horrors
  5 wizards
  Pikel (D:9)
  5 naga ritualists
  7 phantasmal warriors
  3 deep elf archers
  A shadow dragon zombie (Depths:4)
  A wolf spider zombie (D:13)
  14 ironbrand convokers
  15 harpies
  15 orc knights
  61 ugly things
  2 orb spiders (Zot:2)
  3 necromancers
  5 mana vipers
  3 orc sorcerers (Orc:2)
  A shining eye (shapeshifter) (Vaults:3)
  12 deep elf magi
  5 cyclopes
  18 manticores
  A salamander (shapeshifter) (Depths:2)
  9 elephants
  An iron dragon skeleton (Depths:4)
  19 fauns
  5 wolf spiders
  33 moths of wrath
  13 salamanders
  An elephant (shapeshifter) (Depths:3)
  2 torpor snails (Lair:6)
  2 black mambas (shapeshifter)
  25 naga magi
  2 guardian serpents
  11 merfolk sirens
  31 black mambas
  2 torpor snails (shapeshifter)
  An eye of devastation (shapeshifter) (Depths:4)
  6 water nymphs
  9 centaur zombies
  A gargoyle (D:10)
  11 vault sentinels
  56 yaktaurs
  3 human zombies (Vaults:4)
  14 spiny frogs
  12 rime drakes
  4 kobold demonologists
  10 komodo dragons
  2 freezing wraiths
  A spriggan skeleton (Depths:4)
  2 redback zombies (D:13)
  A komodo dragon (shapeshifter) (Vaults:5)
  2 yaktaurs (shapeshifter)
  2 red devils (Depths:4)
  A polar bear (Lair:4)
  A hellwing (Depths:5)
  9 trolls
  3 meliai (D:10)
  A jumping spider (Zot:2)
  A troll (shapeshifter) (Depths:2)
  6 wind drakes
  A merfolk (shapeshifter) (D:15)
  33 merfolk
  A shadow dragon simulacrum (Depths:4)
  5 tengu conjurers
  11 hornets
  A wind drake (shapeshifter) (D:15)
  A harpy skeleton (D:13)
  9 blink frogs
  A snapping turtle (shapeshifter) (Depths:1)
  A blink frog (shapeshifter) (D:15)
  7 hippogriffs
  13 slime creatures
  13 snapping turtles
  A hippogriff (shapeshifter) (Vaults:5)
  2 meliai zombies
  A redback (Vaults:3)
  3 tarantellas (Zot:2)
  A spriggan (shapeshifter) (Vaults:4)
  29 yaks
  2 shadows
  3 vampires (Vaults:3)
  6 spriggans
  11 water elementals
  6 wraiths
  4 fire elementals
  A tarantella (shapeshifter) (Depths:5)
  3 wyverns
  7 hungry ghosts
  2 basilisks
  A golden eye (shapeshifter) (D:14)
  A neqoxec (Depths:4)
  3 wargs
  7 steam dragons (Lair:2)
  A soldier ant (shapeshifter) (Depths:1)
  2 swamp worms (shapeshifter)
  39 nagas
  A soldier ant (D:14)
  A floating eye (Depths:3)
  3 hell hounds (D:14)
  3 acid dragons
  10 water moccasins
  3 ice beasts
  A black bear (D:8)
  39 orc warriors
  9 porcupines
  5 sky beasts
  2 phantoms
  An ice beast (shapeshifter) (Vaults:4)
  21 centaurs
  2 slaves (D:9)
  23 wolves
  An eye of draining (D:14)
  5 boggarts (D:15)
  8 crocodiles
  32 ogres
  4 big kobolds
  2 big kobolds (shapeshifter)
  24 bullfrogs
  2 wyvern skeletons (D:13)
  6 scorpions
  11 wights
  5 killer bees (D:10)
  An electric eel (D:14)
  A howler monkey (D:5)
  9 crimson imps
  A bullfrog zombie (D:12)
  A quasit (D:10)
  A gnoll shaman (D:8)
  24 orc priests
  36 orc wizards
  12 hounds
  A hound (shapeshifter) (D:15)
  A bullfrog skeleton (D:9)
  8 jellies
  13 centaur skeletons
  6 iguanas
  7 worker ants
  5 hell rats (Lair:5)
  A hound zombie (D:10)
  A hound skeleton (D:10)
  2 howler monkey skeletons
  11 adders
  9 gnolls
  3 shadow imps
  7 oozes
  4 worms
  5 dart slugs
  2 leopard geckos
  103 orcs
  4 giant cockroaches
  6 hobgoblins
  13 jackals
  11 kobolds
  5 quokkas
  2 ball pythons (D:2)
  12 bats
  3 frilled lizards
  8 goblins
  A leopard gecko skeleton (D:6)
  2 quokka skeletons
  6 rats
  A crawling corpse (Vaults:5)
  2 fungi
  21 plants
  6 tentacles
2062 creatures vanquished.

Vanquished Creatures (others)
  A fire giant (Depths:4)
  A sea snake (Shoals:4)
  A glowing orange brain (Depths:2)
  A manticore (Shoals:3)
  2 merfolk (Shoals:2)
  A steam dragon (Lair:2)
  10 wolves (Lair:6)
  A ball lightning (Zot:5)
  5 fungi
  14 plants
  9 tentacles
46 creatures vanquished.

Grand Total: 2108 creatures vanquished

Notes
Turn   | Place    | Note
-------+----------+-------------------------------------------
     0 | D:1      | Morrissey the Minotaur Fighter began the quest for the Orb.
     0 | D:1      | Reached XP level 1. HP: 19/19 MP: 0/0
    36 | D:1      | Reached XP level 2. HP: 27/27 MP: 1/1
   410 | D:1      | Reached XP level 3. HP: 28/33 MP: 2/2
   988 | D:2      | Reached XP level 4. HP: 37/40 MP: 3/3
  1813 | D:3      | Reached XP level 5. HP: 8/47 MP: 4/4
  2161 | D:3      | Found a hazy altar of Hepliaklqana.
  2161 | D:3      | Found a shattered altar of Ashenzari.
  2218 | D:3      | Found a bloodstained altar of Trog.
  2218 | D:3      | Found a radiant altar of Vehumet.
  2239 | D:3      | Found a shadowy altar of Dithmenos.
  2240 | D:3      | Found an ornate altar of the Wu Jian Council.
  2241 | D:3      | Found a glowing golden altar of the Shining One.
  2241 | D:3      | Found a white marble altar of Elyvilon.
  2242 | D:3      | Found a sacrificial altar of Ru.
  2484 | D:4      | Reached skill level 5 in Long Blades
  2663 | D:4      | Reached XP level 6. HP: 42/55 MP: 5/5
  2912 | D:4      | Got a smoking war axe
  2913 | D:4      | Identified the +7 war axe of the Lair of Beasts {venom,
                  | rF+++ rC- Str+2 Dex+3} (You found it on level 4 of the
                  | Dungeon)
  2920 | D:4      | Found a roughly hewn altar of Beogh.
  2924 | D:4      | Reached skill level 1 in Axes
  2924 | D:4      | Reached skill level 5 in Shields
  2927 | D:4      | Reached skill level 5 in Fighting
  3074 | D:5      | Entered Level 5 of the Dungeon
  3083 | D:5      | Reached skill level 5 in Armour
  3292 | D:5      | Found a staircase to the Ecumenical Temple.
  3297 | D:5      | Reached XP level 7. HP: 61/61 MP: 6/6
  3582 | D:5      | Found a deep blue altar of Sif Muna.
  3582 | D:5      | Found a sparkling altar of Nemelex Xobeh.
  3583 | D:5      | Found a stormy altar of Qazlal.
  3654 | Temple   | Entered the Ecumenical Temple
  3689 | Temple   | Became a worshipper of Warmaster Okawaru
  3944 | D:6      | Identified the Collected Works on Fire
  4154 | D:6      | Reached * piety under Okawaru
  4230 | D:6      | Reached skill level 5 in Axes
  4230 | D:6      | Reached XP level 8. HP: 70/70 MP: 7/7
  4783 | D:7      | Reached ** piety under Okawaru
  5316 | D:7      | Found an opulent altar of Gozag.
  5633 | D:8      | Reached skill level 1 in Invocations
  5743 | D:8      | Reached XP level 9. HP: 79/79 MP: 7/9
  5845 | D:8      | Reached *** piety under Okawaru
  5869 | D:8      | Found a basalt altar of Yredelemnul.
  6107 | D:9      | Noticed a two-headed ogre
  6111 | D:9      | Killed a two-headed ogre
  6128 | D:9      | Reached **** piety under Okawaru
  6186 | D:9      | Reached XP level 10. HP: 75/89 MP: 11/11
  6544 | D:9      | Reached ***** piety under Okawaru
  6546 | D:9      | Noticed Pikel
  6556 | D:9      | Killed Pikel
  6556 | D:9      | Reached skill level 10 in Axes
  7026 | D:10     | Entered Level 10 of the Dungeon
  7059 | D:10     | Noticed a gargoyle
  7066 | D:10     | Killed a gargoyle
  7083 | D:10     | HP: 1/91 [meliai/divine providence (12)]
  7402 | D:10     | Noticed Sonja
  7407 | D:10     | Killed Sonja
  7407 | D:10     | Reached skill level 5 in Invocations
  7712 | D:10     | Reached XP level 11. HP: 68/97 MP: 13/13
  8023 | D:10     | Noticed Nergalle
  8033 | D:10     | Killed Nergalle
  8033 | D:10     | Reached ****** piety under Okawaru
  8131 | D:10     | Received a gift from Okawaru
  8229 | D:10     | Found a portal to a secret trove of treasure.
  8344 | Trove    | Entered a treasure trove
  8525 | D:10     | Found a staircase to the Lair.
  8710 | D:11     | Found a roughly hewn altar of Beogh.
  8745 | D:11     | Reached skill level 10 in Shields
  8856 | D:11     | Noticed a seven-headed hydra
  8912 | Lair:1   | Entered Level 1 of the Lair of Beasts
  8912 | Lair:1   | Noticed Harold
  8923 | Lair:1   | Killed Harold
  8923 | Lair:1   | Reached skill level 10 in Fighting
  8923 | Lair:1   | Reached skill level 10 in Armour
  9095 | Lair:1   | Noticed Gastronok
  9115 | Lair:1   | Killed Gastronok
  9378 | Lair:1   | Reached XP level 12. HP: 91/108 MP: 15/15
  9506 | Lair:1   | Found a runed gate.
  9507 | Lair:1   | Found a runed gate.
  9507 | Lair:1   | Found a runed gate.
  9525 | Lair:1   | Noticed Qolokyfu's ghost (journeyman TrEE)
  9713 | Lair:1   | Got a dazzling chain mail
  9730 | Lair:1   | Identified the +7 chain mail "Varhueg" {rC+} (You found it
                  | on level 1 of the Lair of Beasts)
 10024 | Lair:2   | Identified Lenocouph's Spellweaving for Beginners
 10333 | Lair:2   | Noticed a seven-headed hydra
 10353 | Lair:2   | Killed a seven-headed hydra
 11223 | Lair:3   | Found a large runed door.
 11223 | Lair:3   | Found a large runed door.
 11226 | Lair:3   | Found a staircase to the Shoals.
 11264 | Lair:3   | Noticed topfpfpflanze's ghost (journeyman OpEE)
 11850 | Lair:3   | Noticed Fannar
 11876 | Lair:3   | Killed Fannar
 12185 | Lair:4   | Noticed a six-headed hydra
 12212 | Lair:4   | Killed a six-headed hydra
 12337 | Lair:4   | Reached XP level 13. HP: 113/116 MP: 17/17
 12482 | Lair:4   | Found a staircase to the Snake Pit.
 13228 | Lair:5   | Found a labyrinth entrance.
 13233 | Lab      | Entered a labyrinth
 13621 | Lab      | Noticed a minotaur
 13640 | Lab      | Killed a minotaur
 13951 | Lair:5   | Reached skill level 15 in Axes
 14190 | Lair:5   | Found a staircase to the Slime Pits.
 14283 | Lair:5   | Received a gift from Okawaru
 14292 | Lair:5   | Got a jewelled hat {god gift}
 14298 | Lair:5   | Identified the -1 hat of Reason {Stlth+} (Okawaru gifted it
                  | to you on level 5 of the Lair of Beasts)
 14857 | Lair:6   | Entered Level 6 of the Lair of Beasts
 15415 | Lair:6   | Reached skill level 15 in Shields
 15415 | Lair:6   | Reached XP level 14. HP: 110/127 MP: 19/19
 16261 | Lair:6   | Received a gift from Okawaru
 16268 | Lair:6   | Got an encrusted broad axe {god gift}
 16269 | Lair:6   | Identified the +8 broad axe of Ecom {drain, *Noise rElec
                  | Int+5 Dex+2} (Okawaru gifted it to you on level 6 of the
                  | Lair of Beasts)
 17014 | D:11     | Found a runed door.
 17014 | D:11     | Found a runed door.
 17024 | D:11     | Noticed a lich
 17026 | D:11     | Noticed Dickchan's ghost (journeyman MiFi)
 17483 | D:11     | Found a staircase to the Orcish Mines.
 17497 | Orc:1    | Entered Level 1 of the Orcish Mines
 17523 | Orc:2    | Entered Level 2 of the Orcish Mines
 17843 | D:11     | Noticed an azure jelly
 17843 | D:11     | a catoblepas changed into an azure jelly
 18139 | D:12     | Found Kiarph Cenee's General Store.
 18750 | D:13     | Received a gift from Okawaru
 18820 | D:13     | Found a runed gate.
 18828 | D:13     | Found a runed gate.
 18829 | D:13     | Found a runed gate.
 18832 | D:13     | Noticed Morbidden's ghost (journeyman DrMo)
 18909 | D:13     | Received a gift from Okawaru
 18997 | D:13     | Found a gate to the Vaults.
 19136 | D:13     | Noticed a bone dragon
 19137 | D:13     | Found the +9 sword of Zonguldrok {reap}
 19163 | D:13     | Killed a bone dragon
 19363 | D:14     | Found a shimmering altar of Xom.
 19373 | D:14     | Reached XP level 15. HP: 139/139 MP: 20/20
 19672 | D:14     | Noticed Snorg
 19696 | D:14     | Killed Snorg
 19795 | D:14     | Noticed Agnes
 19812 | D:14     | Killed Agnes
 19812 | D:14     | Received a gift from Okawaru
 20061 | D:14     | Found a basalt altar of Yredelemnul.
 20066 | D:14     | Noticed Azrael
 20071 | D:14     | Reached skill level 15 in Fighting
 20078 | D:14     | Killed Azrael
 20078 | D:14     | Reached skill level 15 in Armour
 20081 | D:14     | Reached skill level 1 in Dodging
 20262 | D:14     | Found an opulent altar of Gozag.
 20271 | D:14     | Found a shadowy altar of Dithmenos.
 20580 | D:15     | Entered Level 15 of the Dungeon
 20660 | D:15     | Found Owkeb's Antique Armour Boutique.
 20803 | D:15     | Reached skill level 5 in Dodging
 21350 | D:15     | Received a gift from Okawaru
 21426 | D:15     | Found a staircase to the Depths.
 21795 | Snake:1  | Entered Level 1 of the Snake Pit
 22240 | Snake:1  | Received a gift from Okawaru
 22534 | Snake:2  | Reached skill level 10 in Dodging
 22609 | Snake:2  | Noticed a nagaraja
 22912 | Snake:1  | Reached XP level 16. HP: 145/149 MP: 21/21
 23905 | Snake:3  | Received a gift from Okawaru
 23969 | Snake:3  | Noticed Louise
 23994 | Snake:3  | Killed Louise
 25007 | Snake:4  | Entered Level 4 of the Snake Pit
 26417 | Snake:4  | Received a gift from Okawaru
 26596 | Snake:4  | HP: 7/149 [poisoned by a naga mage (bolt of poison)]
 26769 | Snake:4  | Reached skill level 15 in Dodging
 26772 | Snake:4  | Received a gift from Okawaru
 27941 | Snake:4  | Reached XP level 17. HP: 117/156 MP: 23/23
 27981 | Snake:3  | HP: 7/156 [poisoned by a naga mage (splash of poison)]
 27987 | Snake:3  | HP: 6/156 [poisoned by a naga mage (splash of poison)]
 27993 | Snake:3  | HP: 7/156 [poisoned by a naga mage (splash of poison)]
 28001 | Snake:3  | HP: 7/156 [poisoned by a naga mage (splash of poison)]
 28790 | Snake:4  | Got a serpentine rune of Zot
 28818 | Snake:4  | Reached skill level 10 in Invocations
 29227 | Snake:4  | Received a gift from Okawaru
 29439 | Shoals:1 | Entered Level 1 of the Shoals
 29791 | Orc:2    | Found a staircase to the Elven Halls.
 29915 | Orc:1    | Found a roughly hewn altar of Beogh.
 30002 | Orc:1    | Found Xooq's Gadget Emporium.
 30077 | Orc:1    | Found a roughly hewn altar of Beogh.
 30370 | Orc:2    | Found Pacionass's Book Shoppe.
 30947 | Orc:2    | Found Jallecenk's Distillery.
 30947 | Orc:2    | Found Jusudump's General Store.
 30949 | Orc:2    | Found Zimen's Jewellery Boutique.
 30949 | Orc:2    | Found Ysinavy's Gadget Shoppe.
 31534 | Shoals:1 | Noticed Roxanne
 31601 | Shoals:1 | Noticed Josephine
 31606 | Shoals:1 | Killed Josephine
 31785 | Shoals:1 | Noticed a kraken
 31795 | Shoals:1 | Killed a kraken
 31795 | Shoals:1 | Received a gift from Okawaru
 31861 | Shoals:2 | Noticed Polyphemus
 31886 | Shoals:2 | Killed Polyphemus
 31893 | Shoals:2 | HP: 4/156 [faun/stone[a satyr] (13)]
 32382 | Shoals:2 | Noticed a kraken
 32400 | Shoals:2 | Killed a kraken
 32741 | Shoals:2 | Noticed Nikola
 33259 | Vaults:1 | Entered Level 1 of the Vaults
 33348 | Vaults:1 | Received a gift from Okawaru
 33628 | Vaults:1 | Paralysed by an ogre mage for 3 turns
 34083 | Vaults:1 | Found a runed gate.
 34083 | Vaults:1 | Found a runed gate.
 34083 | Vaults:1 | Found a runed gate.
 34083 | Vaults:1 | Noticed Fuosmaf's ghost (adept MfGl)
 34290 | Vaults:1 | Reached XP level 18. HP: 133/168 MP: 26/26
 34717 | Vaults:1 | Received a gift from Okawaru
 35190 | Vaults:1 | Found an iron altar of Okawaru.
 36328 | Vaults:2 | Received a gift from Okawaru
 36329 | Vaults:2 | Got a crude hat {god gift}
 36340 | Vaults:2 | Identified the +2 hat of Sloth {rC+ Int+7} (Okawaru gifted
                  | it to you on level 2 of the Vaults)
 37295 | Vaults:3 | Found a blossoming altar of Fedhas.
 37511 | Vaults:3 | Reached XP level 19. HP: 168/174 MP: 27/27
 37537 | Vaults:3 | Received a gift from Okawaru
 37559 | Vaults:3 | Gained mutation: Your magical capacity is low. (-10% MP) [a
                  | shining eye]
 37570 | Vaults:3 | Gained mutation: Armour fits poorly on your strangely
                  | shaped body. [a shining eye]
 37596 | Vaults:3 | Lost mutation: Armour fits poorly on your strangely shaped
                  | body. [potion of mutation]
 37596 | Vaults:3 | Lost mutation: Your magical capacity is low. (-10% MP)
                  | [potion of mutation]
 37596 | Vaults:3 | Gained mutation: Scrolls take you a little longer to read.
                  | [potion of mutation]
 37596 | Vaults:3 | Gained mutation: Your spells are a little harder to cast,
                  | but a little more powerful. [potion of mutation]
 37596 | Vaults:3 | Gained mutation: You are robust. (+10% HP) [potion of
                  | mutation]
 37873 | Vaults:3 | Received a gift from Okawaru
 37991 | Vaults:3 | Found a staircase to the Crypt.
 38554 | Vaults:4 | Found Saubouf's Jewellery Boutique.
 39520 | Vaults:4 | HP: 4/191 [deep elf archer/arrow (15)]
 40085 | Vaults:4 | Received a gift from Okawaru
 41083 | Depths:1 | Entered Level 1 of the Depths
 41096 | Depths:1 | Reached XP level 20. HP: 172/201 MP: 28/28
 41155 | Depths:1 | Found a gateway to Hell.
 41725 | Shoals:2 | Killed Nikola
 42798 | Shoals:3 | Found the +15 Maxwell's patent armour {-Cast -Tele rElec
                  | MR+ rCorr}
 43747 | Shoals:4 | Entered Level 4 of the Shoals
 44372 | Shoals:4 | Received a gift from Okawaru
 44492 | Shoals:4 | Got a barnacled rune of Zot
 45259 | Shoals:4 | Identified the Almanac of Fiery Attacks
 45695 | Vaults:5 | Entered Level 5 of the Vaults
 45819 | Vaults:5 | Received a gift from Okawaru
 45819 | Vaults:5 | Reached XP level 21. HP: 206/213 MP: 24/29
 45820 | Vaults:5 | Found the +8 orange crystal plate armour {Archmagi, Int+3
                  | Clar}
 45842 | Vaults:5 | Noticed a golden dragon
 45859 | Vaults:5 | Noticed a golden dragon
 45875 | Vaults:5 | Gained mutation: Your body sometimes deteriorates upon
                  | taking damage. [a shining eye]
 45887 | Vaults:5 | Killed a golden dragon
 45891 | Vaults:5 | Killed a golden dragon
 45925 | Vaults:5 | Noticed a golden dragon
 45934 | Vaults:5 | Killed a golden dragon
 45973 | Vaults:5 | Received a gift from Okawaru
 46482 | Vaults:5 | Found the +6 lightning scales {run, rElec}
 46645 | Vaults:5 | Noticed a golden dragon
 46658 | Vaults:5 | Killed a golden dragon
 46767 | Vaults:5 | Noticed a golden dragon
 46785 | Vaults:5 | Killed a golden dragon
 46785 | Vaults:5 | Reached XP level 22. HP: 62/222 MP: 10/30
 47183 | Vaults:5 | Got an iridescent great sword {slice}
 47323 | Vaults:5 | Got a distressingly furry cloak
 47334 | Vaults:5 | Identified the +1 cloak "Utiz" {*Corrode rPois rC+ Dex+4}
                  | (You found it on level 5 of the Vaults)
 47572 | Vaults:5 | Got a silver rune of Zot
 48449 | Depths:1 | Found a one-way gate to the infinite horrors of the Abyss.
 48699 | Depths:1 | Received a gift from Okawaru
 48745 | Depths:1 | Found a one-way gate leading to the halls of Pandemonium.
 49324 | Depths:2 | Found a hide-covered altar of Uskayaw.
 49325 | Depths:2 | Found a glowing golden altar of the Shining One.
 49325 | Depths:2 | Found a radiant altar of Vehumet.
 49424 | Depths:2 | Received a gift from Okawaru
 49541 | Depths:2 | Noticed a golden dragon
 49560 | Depths:2 | Killed a golden dragon
 49895 | Depths:2 | Noticed a juggernaut
 49922 | Depths:2 | Killed a juggernaut
 49922 | Depths:2 | Received a gift from Okawaru
 50110 | Depths:2 | Lost mutation: You are robust. (+10% HP) [potion of
                  | mutation]
 50110 | Depths:2 | Lost mutation: Your body sometimes deteriorates upon taking
                  | damage. [potion of mutation]
 50110 | Depths:2 | Lost mutation: Scrolls take you a little longer to read.
                  | [potion of mutation]
 50110 | Depths:2 | Lost mutation: Your spells are a little harder to cast, but
                  | a little more powerful. [potion of mutation]
 50110 | Depths:2 | Gained mutation: Armour fits poorly on your strangely
                  | shaped body. [potion of mutation]
 50110 | Depths:2 | Gained mutation: You are frail. (-10% HP) [potion of
                  | mutation]
 50110 | Depths:2 | Gained mutation: You have large cloven feet. [potion of
                  | mutation]
 50110 | Depths:2 | Gained mutation: You are resistant to hostile enchantments.
                  | (MR+) [potion of mutation]
 50111 | Depths:2 | Lost mutation: Armour fits poorly on your strangely shaped
                  | body. [potion of mutation]
 50111 | Depths:2 | Lost mutation: You are resistant to hostile enchantments.
                  | (MR+) [potion of mutation]
 50111 | Depths:2 | Lost mutation: You are frail. (-10% HP) [potion of
                  | mutation]
 50111 | Depths:2 | Gained mutation: Your spells are a little harder to cast,
                  | but a little more powerful. [potion of mutation]
 50111 | Depths:2 | Gained mutation: You have hoof-like feet. [potion of
                  | mutation]
 50975 | Depths:3 | Reached XP level 23. HP: 209/217 MP: 31/31
 51190 | Depths:3 | Got a crude tin ring
 51191 | Depths:3 | Identified the ring "Mefu Hui" {rC- Int+8 Stlth-} (You
                  | found it on level 3 of the Depths)
 51207 | Depths:3 | Noticed Asterion
 51225 | Depths:3 | Killed Asterion
 51229 | Depths:3 | Noticed the Enchantress
 51241 | Depths:3 | Killed the Enchantress
 51244 | Depths:3 | Received a gift from Okawaru
 51306 | Depths:3 | Noticed Xtahua
 51323 | Depths:3 | Killed Xtahua
 52042 | Depths:3 | Paralysed by a floating eye for 3 turns
 52049 | Depths:3 | Paralysed by a floating eye for 3 turns
 52828 | Depths:3 | Got a sparkling emerald amulet
 52925 | Depths:3 | Identified the amulet of Uhamn {+Rage Int+4} (You found it
                  | on level 3 of the Depths)
 52963 | Depths:4 | Found a gateway to a ziggurat.
 53182 | Depths:4 | Noticed Mennas
 53220 | Depths:4 | Killed Mennas
 53251 | Depths:4 | Received a gift from Okawaru
 53362 | Depths:4 | Reached skill level 1 in Polearms
 53853 | Depths:4 | Reached XP level 24. HP: 224/237 MP: 31/31
 54055 | Depths:4 | Reached skill level 5 in Polearms
 54609 | Depths:5 | Entered Level 5 of the Depths
 54660 | Depths:5 | Found Fiosk's Armour Shoppe.
 54673 | Depths:5 | Bought the +10 large shield of Ignorance {rN+ Int-4} for
                  | 1375 gold pieces
 54673 | Depths:5 | Found the +10 large shield of Ignorance {rN+ Int-4}
 54787 | Depths:5 | Found a gate to the Realm of Zot.
 55358 | Depths:5 | Found Nudayxt's Food Shoppe.
 55432 | Depths:5 | Found Weumeg's Jewellery Shoppe.
 56022 | Zot:1    | Entered Level 1 of the Realm of Zot
 56076 | Zot:1    | Received a gift from Okawaru
 57765 | Zot:1    | Received a gift from Okawaru
 57785 | Zot:1    | Identified a +1 pair of boots of running (Okawaru gifted it
                  | to you on level 1 of the Realm of Zot)
 57808 | Zot:1    | Noticed an orb of fire
 57833 | Zot:1    | Killed an orb of fire
 58067 | Zot:1    | Reached XP level 25. HP: 227/255 MP: 31/31
 58324 | Zot:1    | Reached skill level 27 in Fighting
 61721 | Zot:3    | Received a gift from Okawaru
 63360 | Zot:5    | Entered Level 5 of the Realm of Zot
 63715 | Zot:5    | Noticed an ancient lich
 63727 | Zot:5    | Killed an ancient lich
 63746 | Zot:5    | Noticed an ancient lich
 63759 | Zot:5    | Killed an ancient lich
 63759 | Zot:5    | Reached skill level 27 in Armour
 63785 | Zot:5    | Received a gift from Okawaru
 64213 | Zot:5    | Reached XP level 26. HP: 266/266 MP: 31/31
 64259 | Zot:5    | Noticed an ancient lich
 64270 | Zot:5    | Paralysed by an ancient lich for 6 turns
 64283 | Zot:5    | Killed an ancient lich
 64337 | Zot:5    | Noticed an ancient lich
 64358 | Zot:5    | Killed an ancient lich
 64358 | Zot:5    | Noticed an ancient lich
 64377 | Zot:5    | Killed an ancient lich
 64854 | Zot:5    | Received a gift from Okawaru
 65015 | Zot:5    | Received a gift from Okawaru
 65016 | Zot:5    | Got an ancient large shield {god gift}
 65041 | Zot:5    | Identified the +7 large shield "Uruma Mipp" {rElec rPois
                  | Int+2 Dex-5} (Okawaru gifted it to you on level 5 of the
                  | Realm of Zot)
 65121 | Zot:5    | Noticed an orb of fire
 65124 | Zot:5    | Gained mutation: Your system is resistant to poisons.
                  | (rPois) [an orb of fire]
 65139 | Zot:5    | Noticed an orb of fire
 65140 | Zot:5    | HP: 6/266 [orb of fire/bolt of fire (66)]
 65147 | Zot:5    | HP: 10/266 [storm dragon/bolt of lightning (8)]
 65152 | Zot:5    | Killed from afar by an orb of fire

Skill      XL: |  1  2  3  4  5  6  7  8  9 10 11 12 13 14 15 16 17 18 19 20 21 22 23 24 25 26 |
---------------+-------------------------------------------------------------------------------+-----
Long Blades    | 3 4 5 |  5.2
Shields        | 4 5 6 7 8 9 11 13 15 21 24 25 | 25.0
Fighting       | 4 5 6 7 8 9 10 11 12 14 15 16 18 20 23 26 27 | 27.0
Armour         | 4 5 6 7 8 9 10 11 12 14 15 16 17 19 23 25 27 | 27.0
Axes           | 2 5 7 9 11 12 14 16 17 18 | 18.0
Invocations    | 1 3 5 6 7 8 9 12 13 | 13.1
Dodging        | 10 15 16 19 | 19.4
Polearms       | 4 7 |  7.7

Action                   |  1- 3 |  4- 6 |  7- 9 | 10-12 | 13-15 | 16-18 | 19-21 | 22-24 | 25-27 || total
-------------------------+-------+-------+-------+-------+-------+-------+-------+-------+-------++-------
Melee: Long sword        |    59 |   132 |       |       |       |       |       |       |       ||   191
       Headbutt          |    10 |    27 |    36 |   112 |   325 |   414 |   452 |   603 |   238 ||  2217
       War axe           |       |    23 |   140 |   404 |   418 |       |       |       |       ||   985
       Whip              |       |       |       |    20 |    12 |       |       |       |       ||    32
       Broad axe         |       |       |       |       |   747 |  1407 |  1335 |  1646 |   735 ||  5870
       Trishula          |       |       |       |       |       |       |       |    14 |       ||    14
Invok: Heroism           |       |       |       |     2 |     2 |     5 |     3 |    15 |     6 ||    33
       Finesse           |       |       |       |       |     2 |     5 |     3 |    15 |     8 ||    33
Evoke: Wand              |       |       |       |     3 |       |     2 |     1 |       |       ||     6
  Use: Potion            |       |     1 |       |     4 |       |    10 |    10 |     6 |     2 ||    33
       Scroll            |       |       |       |    17 |    10 |     3 |    11 |    17 |     4 ||    62
 Stab: Petrified         |       |       |       |       |     3 |     1 |     1 |       |       ||     5
       Petrifying        |       |       |       |       |     1 |       |     1 |       |       ||     2
       Distracted        |       |       |       |       |       |       |     1 |     1 |       ||     2
  Eat: Chunk             |       |     8 |    15 |    37 |    44 |    39 |    26 |    18 |     4 ||   191
       Ration            |       |       |     1 |       |     1 |     3 |       |     6 |     7 ||    18
Armor: Scale mail        |    27 |    58 |       |       |       |       |       |       |       ||    85
       Chain mail        |       |     9 |    88 |   189 |   417 |   388 |   115 |       |       ||  1206
       Plate armour      |       |       |       |       |       |       |   118 |       |       ||   118
       Crystal plate arm |       |       |       |       |       |       |    27 |   427 |   163 ||   617
Dodge: Dodged            |    22 |    47 |    33 |   100 |   266 |   510 |   385 |   362 |   169 ||  1894
Block: Shield            |    26 |    75 |    90 |   243 |   660 |   625 |       |       |       ||  1719
       Large shield      |       |       |       |       |       |   319 |  1392 |  1506 |   777 ||  3994
       Rpst.: Long sword |     6 |     8 |       |       |       |       |       |       |       ||    14
